Map: Lerilak Crest

Players

Queens - Winner!

  • Race: Zerg Zerg
  • League: Grandmaster

TheCoolMan

  • Race: Protoss Protoss
  • League: Grandmaster

VOD

Have the link to the VOD?

Description

ov drop op

Time

  • Played on: June 22, 2015, 10:23 a.m.
  • Length: 5:34
Show
View Real Time Build Order
Export as new Build Order

Queens Zerg - Winner!

Build Orders: Hatch First 

Get SALT Encoding   

  12  0:01  Drone  
  13  0:13  Overlord  
  13  0:18  Drone  
  14  0:31  Drone  
  14  0:32  Drone  
  16  0:36  Drone  
  17  0:55  Hatchery, Drone  
  17  0:58  Drone  
  18  1:08  Extractor  
  17  1:13  Spawning Pool  
  17  1:15  Drone  
  17  1:22  Drone  
  18  1:30  Drone  
  19  1:40  Overlord  
  19  1:56  Drone  
  20  2:02  Queen  
  20  2:03  Zergling x2  
  20  2:07  Queen  
  25  2:08  Drone  
  25  2:09  Metabolic Boost  
  25  2:15  Drone  
  27  2:19  Drone  
  28  2:26  Drone  
  29  2:30  Drone  
  29  2:35  Zergling x2  
  31  2:40  Zergling x2  
  32  2:47  Overlord  
  33  2:51  Zergling x2  
  33  2:53  Pneumatized Carapace  
  33  2:57  Zergling x2  
  34  3:01  Overlord  
  34  3:07  Zergling x2  
  34  3:10  Zergling x6  
  34  3:11  Zergling x2  
  39  3:15  Zergling x4  
  39  3:16  Overlord, Zergling x2  
  39  3:17  Zergling x2  
  39  3:18  Zergling x2  
  44  3:25  Zergling x2  
  44  3:29  Zergling x2  
  45  3:37  Zergling x2  
  46  3:42  Zergling x2  
  47  3:48  Overlord  
  47  3:49  Zergling x10  
  47  3:50  Zergling x4  
  54  4:02  Overlord, Zergling x2  
  53  4:14  Overlord  
  49  4:19  Zergling x6  
  49  4:20  Zergling x6  
  54  4:24  Zergling x2  
  54  4:25  Zergling x2  
  54  4:26  Zergling x4  
  57  4:31  Zergling x2  
  57  4:32  Zergling x2  
  58  4:38  Zergling x2  
  58  4:41  Zergling x2  
  60  4:49  Zergling x2  
  60  4:50  Zergling x2  
  62  4:56  Drone x4  
  62  4:58  Roach Warren  
  62  5:00  Drone  
  62  5:03  Drone  
  62  5:17  Zergling x2  
Show
View Real Time Build Order
Export as new Build Order

TheCoolMan Protoss 

Build Orders: 1 Gate Expand 

Get SALT Encoding   

  12  0:01  Probe  
  13  0:16  Pylon  
  13  0:17  Probe  
  14  0:34  Probe (Chrono Boost)  
  15  0:44  Probe (Chrono Boost)  
  15  0:49  Gateway  
  16  0:52  Probe  
  17  1:04  Probe (Chrono Boost)  
  18  1:14  Probe (Chrono Boost)  
  19  1:21  Nexus  
  19  1:24  Pylon  
  19  1:25  Probe  
  20  1:37  Assimilator  
  20  1:38  Assimilator  
  20  1:42  Probe  
  21  1:48  Cybernetics Core  
  21  1:54  Probe (Chrono Boost)  
  22  2:06  Probe (Chrono Boost)  
  23  2:14  Probe (Chrono Boost)  
  24  2:23  Probe  
  25  2:35  Mothership Core (Chrono Boost)  
  27  2:37  Probe (Chrono Boost)  
  27  2:41  Warp Gate (Chrono Boost)  
  27  2:51  Sentry  
  30  2:53  Probe (Chrono Boost)  
  30  2:54  Probe (Chrono Boost)  
  30  2:58  Forge  
  31  3:00  Probe (Chrono Boost)  
  31  3:02  Probe (Chrono Boost)  
  33  3:12  Probe (Chrono Boost)  
  35  3:14  Probe (Chrono Boost)  
  35  3:20  Sentry, Probe x2 (Chrono Boost)  
  35  3:25  Assimilator  
  38  3:27  Assimilator  
  38  3:29  Probe  
  38  3:30  Probe  
  38  3:32  Pylon  
  40  3:34  Photon Cannon  
  41  3:42  Probe x2 (Chrono Boost)  
  41  3:46  Robotics Facility  
  42  3:54  Probe x2 (Chrono Boost)  
  44  4:00  Probe x2 (Chrono Boost), Gateway  
  46  4:10  Probe, Pylon  
  46  4:12  Probe  
  44  4:22  Probe  
  44  4:24  Probe  
  46  4:26  Photon Cannon  
  46  4:29  Pylon  
  46  4:34  Probe, Pylon  
  46  4:35  Observer  
  46  4:36  Probe  
  48  4:43  Sentry  
  47  5:03  Sentry, Photon Cannon  
Tags
 
Add a new tag
Caveats
  • Supply blocks, unpowered buildings, or Contaminate may cause inaccurate times.
  • Supply counts are checked every 10 seconds.